 Dungeon Crawl Stone Soup version 0.32-a0-768-g0f6f1dd4b9 (webtiles) character file.

Game seed: 737511317342995229

76070 Sanktem7 the Severer (level 15, 0/141 HPs)
             Began as a Minotaur Fighter on Mar 13, 2024.
             Was the Champion of Okawaru.
             Slain by a seven-headed hydra (8 damage)
             ... on level 2 of the Swamp on Mar 19, 2024.
             The game lasted 01:04:53 (23666 turns).

Sanktem7 the Severer (Minotaur Fighter)            Turns: 23666, Time: 01:04:54

Health: 0/141      AC: 27    Str: 34    XL:     15   Next: 11%
Magic:  0/14       EV:  7    Int:  5    God:    Okawaru [******]
Gold:   1644       SH: 16    Dex:  6    Spells: 14/14 levels left

rFire   + . .        x - +2 broad axe (flame) {axe}
rCold   + + +        w - +0 tower shield {rC+}
rNeg    . . .        j - +8 chain mail of the Hills {+Inv rC+ Dex-4}
rPois   .            s - +0 hat {Will+}
rElec   .            y - scarf {rC+ rF+}
rCorr   .            D - +1 pair of gloves {infuse}
SInv    .            C - +2 pair of boots
Will    ++...        i - amulet of guardian spirit Stlth
                     u - +6 ring of strength
HPRegen 0.43/turn    A - +4 ring of slaying
MPRegen 0.14/turn

%: guardian spirit
@: lethally poisoned (0 -> -1), studying Axes
A: horns 2, retaliatory headbutt, wild magic 1
a: Renounce Religion, Evoke Invisibility, Heroism, Finesse, Duel


You were on level 2 of the Swamp.
You worshipped Okawaru.
Okawaru was exalted by your worship.
You visited 6 branches of the dungeon, and saw 22 of its levels.
You also visited: Sewer and Ice Cave.

You collected 2418 gold pieces.
You spent 774 gold pieces at shops.


Innate Abilities, Weirdness & Mutations

You have a pair of horns on your head.
You reflexively headbutt those who attack you in melee.
Your spells are a little harder to cast, but a little more powerful.


   Skills:
 + Level 15.3 Fighting
 - Level 18.0 Axes
 - Level 10.0 Throwing
 + Level 15.1 Armour
 + Level 15.1 Shields
 + Level 1.0 Evocations


You had 14 spell levels left.
You didn't know any spells.
Your spell library contained the following spells:

 Spells                   Type           Power      Damage    Failure   Level
 Apportation              Tloc           0%         N/A       96%         1
 Necrotise                Necr           0%         1d4       96%         1
 Slow                     Hex            0%         N/A       96%         1
 Sting                    Conj/Alch      0%         1d3       96%         1
 Blink                    Tloc           0%         N/A       99%         2
 Jinxbite                 Hex            0%         N/A       99%         2
 Lesser Beckoning         Tloc           0%         N/A       99%         2
 Momentum Strike          Conj/Tloc      0%         3d8       99%         2
 Sublimation of Blood     Necr           0%         N/A       99%         2
 Confusing Touch          Hex            0%         N/A       100%        3
 Dazzling Flash           Conj/Hex       0%         N/A       100%        3
 Inner Flame              Hex/Fire       0%         N/A       100%        3
 Mephitic Cloud           Conj/Alch/Air  0%         N/A       100%        3
 Vampiric Draining        Necr           0%         2d6       100%        3
 Petrify                  Alch/Erth      0%         N/A       100%        4
 Vhi's Electric Charge    Tloc/Air       0%         N/A       100%        4
 Arcjolt                  Conj/Air       0%         1d10      100%        5
 Curse of Agony           Necr           0%         N/A       100%        5
 Irradiate                Conj/Alch      0%         3d11      100%        5
 Silence                  Hex/Air        0%         N/A       100%        5
 Yara's Violent Unravell  Hex/Alch       0%         3d3       100%        5
 Enfeeble                 Hex            0%         N/A       100%        7
 Ignition                 Fire           0%         3d3       100%        8
 Maxwell's Capacitive Co  Air            0%         ∞         100%        8
 Summon Small Mammal      Summ           Unusable   N/A       N/A         1

Inventory:

Hand Weapons
 a - the +0 broad axe of the Slashing Gods {holy, Str+5, axe}
   (Okawaru gifted it to you on level 5 of the Lair of Beasts)

   Str+5:     It affects your strength (+5).
 x - a +2 broad axe of flaming (weapon) {axe}
   (You found it on level 9 of the Dungeon)
Missiles
 k - 11 javelins (quivered) {throwing}
 m - 5 silver javelins {throwing}
 q - 80 poisoned darts {throwing}
 I - 2 boomerangs {throwing}
 L - 7 stones {throwing}
 R - 2 datura-tipped darts {throwing}
Armour
 b - a +1 plate armour
   (You found it on level 10 of the Dungeon)
 j - the +8 chain mail of the Hills (worn) {+Inv rC+ Dex-4}
   (Okawaru gifted it to you on level 5 of the Lair of Beasts)

   Dex-4:     It affects your dexterity (-4).
   rC+:       It protects you from cold.
   +Inv:      It lets you turn invisible.
 s - a +0 hat of willpower (worn)
   (You found it on level 8 of the Dungeon)
 w - a +0 tower shield of cold resistance (worn)
   (You found it in an ice cave)
 y - a scarf of resistance (worn)
   (You found it in an ice cave)
 C - a +2 pair of boots (worn)
   (You found it on level 5 of the Dungeon)
 D - a +1 pair of gloves of infusion (worn)
   (You found it in an ice cave)
 S - the +0 robe of Macaroni {rN+ Str+2 Stlth+}
   (You found it on level 1 of the Swamp)

   Str+2:     It affects your strength (+2).
   rN+:       It protects you from negative energy.
   Stlth+:    It makes you more stealthy.
Jewellery
 i - an amulet of guardian spirit (around neck)
   (You found it on level 7 of the Dungeon)
 u - a +6 ring of strength (left hand)
   (You found it on level 3 of the Dungeon)
 A - a +4 ring of slaying (right hand)
   (You found it on level 4 of the Dungeon)
Wands
 F - a wand of flame (17)
   (You found it on level 3 of the Lair of Beasts)
 J - a wand of polymorph (3)
   (You found it on level 4 of the Lair of Beasts)
 M - a wand of digging (3)
   (You found it on level 1 of the Lair of Beasts)
 O - a wand of charming (11)
   (You found it on level 1 of the Lair of Beasts)
 P - a wand of mindburst (8)
   (You found it on level 4 of the Lair of Beasts)
 U - a wand of roots (5)
   (You found it on level 5 of the Lair of Beasts)
Scrolls
 e - 2 scrolls of vulnerability {!r!r}
 l - 4 scrolls of revelation
 n - 5 scrolls of teleportation {@r4}
 o - 6 scrolls of amnesia
 r - a scroll of poison {!r}
 v - a scroll of blinking {!r}
 B - a scroll of summoning
 G - 3 scrolls of identify {@r1}
 H - a scroll of silence {unknown}
 K - 2 scrolls of fear
Potions
 c - a potion of magic
 d - a potion of might
 f - 2 potions of lignification {!q}
 g - 3 potions of berserk rage {!q}
 h - a potion of enlightenment
 p - a potion of cancellation
 t - a potion of mutation {!q}
 z - 5 potions of brilliance
 E - a potion of haste {@q3}
 N - 2 potions of attraction {!q}
 Q - 2 potions of curing {@q1}

Dungeon Overview and Level Annotations

Branches:
Dungeon (11/15) Zot: 26148  Temple (1/1) D:4 Zot: 5819    Lair (5/5) D:11 Zot: 24297
  Swamp (2/4) Lair:2 Zot: 10308   Snake (1/4) Lair:2 Zot: 5998   Slime (0/5) Lair:4
    Orc (2/2) D:11 Zot: 8579     Elf (0/3) Orc:2         Sewer (visited)
  IceCv (visited)

Altars:
Ashenzari
Cheibriados
Dithmenos
Elyvilon
Fedhas
Gozag
Hepliaklqana
Kikubaaqudgha
Makhleb
Nemelex Xobeh
Okawaru
Qazlal
Sif Muna
Trog
Uskayaw
Vehumet
Wu Jian
Xom
Yredelemnul
Zin
The Shining One
Beogh
Jiyva

Shops:
D:1 (   D:5 (   Orc:2 (??=

Annotations:
D:9 exclusion: obsidian statue
Lair:3 1 runed translucent door
Swamp:2 2 transporters, exclusion: orange crystal statue
Orc:1 3 runed translucent doors, Vaucseu's ghost, journeyman MiFi
Orc:2 1 runed translucent door, hikkokomori's ghost, journeyman CoAr

..~§~~~~~~§~~..~
♣.§~~~~~~~~~~...
~.~~~~~~~.~~~~~~
~~~..~~~.~~...~ .
..~~..~~~~~.♣
..♣♣♣♣♣♣♣♣~..w~~~...♣
§..~....♣♣♣.Dv~~~.♣♣♣
....~~....x..w.§..♣♣
....~~.@#########..♣
...♣♣.D##k.Xi.XH##.♣
♣..#ß..#.#f.ß#.♣
....#?$#.X.#..#.♣♣♣♣♣
..~..#)=......f#...♣.♣
.~~.~.©#©$..I.©..#©.....
♣...~..#)[.......#......
~♣♣♣♣~♣.#?$#...#..#...♣~~
~~♣♣....#ß..#.#..ß#.~~.~~


You could see 3 tentacled monstrosities, a shambling mangrove, a bunyip, a death
drake, a seven-headed hydra, a swamp dragon, a spriggan air mage (repels
missiles), a will-o-the-wisp and 2 swamp worms.


Message History

😮 HP[-21] MP[-2]
You take 21 damage, and now have 76/141 hp.
You lost 2 mp, and now have 5/14 mp.
You slash the swamp dragon! You burn the swamp dragon.
You headbutt the swamp dragon.
You kill the swamp dragon!
Okawaru accepts your kill.
You are engulfed in poison gas.
You are more poisoned.
* * * LOW HITPOINT WARNING * * *
x2 You feel extremely sick.
Your Evocations skill increases to level 1! 😨 HP[-18] MP[-1]
You take 18 damage, and now have 58/141 hp.
You lost 1 mp, and now have 4/14 mp.
You enter the shallow water.
Moving in this stuff is going to be slow.
You are engulfed in poison gas.
You are lethally poisoned!
* * * LOW HITPOINT WARNING * * *
x2 You feel extremely sick.
The swamp worm fires a harpoon shot at you.
The harpoon shot hits you but does no damage.
The will-o-the-wisp gestures.
The will-o-the-wisp conjures some marshlight! 2 foxfires come into view. 😨 HP[-22]
You take 22 damage, and now have 36/141 hp.
Okay, then.
You feel better.
You are engulfed in poison gas.
You are poisoned.
* * * LOW HITPOINT WARNING * * *
You feel very sick. The foxfire hits you! You resist.
* * * LOW HITPOINT WARNING * * *
A bunyip comes into view.
The foxfire hits you but does no damage.
A swamp worm comes into view.
The will-o-the-wisp gestures.
The will-o-the-wisp conjures some marshlight!
You block the swamp dragon's attack.
The swamp dragon claws you but does no damage.
You block the swamp dragon's attack. 2 foxfires come into view. 😱 HP[-13] MP[-2]
You take 13 damage, and now have 23/141 hp.
You lost 2 mp, and now have 2/14 mp.
Unknown command.
You feel better.
You are engulfed in poison gas.
You are poisoned.
You feel very sick. The foxfire hits you. You resist.
* * * LOW HITPOINT WARNING * * *
The swamp dragon bites you but does no damage.
You block the swamp dragon's attack.
The swamp dragon tramples you but does no damage.
The foxfire hits you! You resist.
* * * LOW HITPOINT WARNING * * *
😱 HP[-6] MP[-1]
You take 6 damage, and now have 17/141 hp.
You lost 1 mp, and now have 1/14 mp.
Unknown command.
You feel very sick.
The swamp worm bites you but does no damage. 😱 HP[-4] MP[+1]
You take 4 damage, and now have 13/141 hp.
You slash the swamp dragon! You burn the swamp dragon. You hit the swamp worm.
You burn the swamp worm.
You feel sick. You block the swamp dragon's attack. x3
You block the swamp worm's attack. 😱 MP[-2]
You lost 2 mp, and now have 0/14 mp.
You slash the swamp dragon! You burn the swamp dragon.
You headbutt the swamp dragon. You slash the swamp worm!
You burn the swamp worm. You slash the will-o-the-wisp!
You burn the will-o-the-wisp.
You feel sick. The swamp dragon bites you.
* * * LOW HITPOINT WARNING * * *
The swamp dragon barely misses you. You block the swamp dragon's attack.
You block the will-o-the-wisp's attack.
You block the swamp worm's attack. 😱 HP[-3]
You take 3 damage, and now have 10/141 hp.
Okay, then.
Blink to where?
Press: ? - help, Dir - move target An eight-headed hydra comes into view.
As you read the scroll of blinking {!r}, it crumbles to dust.
You feel sick. 😱 HP[-1]
You take 1 damage, and now have 9/141 hp.
You feel sick.
You block the eight-headed hydra's attack.
The eight-headed hydra bites you but does no damage.
You block the eight-headed hydra's attack. x2
The eight-headed hydra barely misses you.
The eight-headed hydra bites you but does no damage. x2
You block the eight-headed hydra's attack.
You chop one of the eight-headed hydra's heads off!
The flame cauterises the wound!
You slice the seven-headed hydra!! You burn the seven-headed hydra.
You feel sick. The seven-headed hydra bites you!
You die...

Skill      XL: |  1  2  3  4  5  6  7  8  9 10 11 12 13 14 15 |
---------------+----------------------------------------------+-----
Axes           | 3 4 5 6 7 8 10 12 14 16 18 | 18.0
Fighting       | 4 5 6 7 8 9 10 11 13 15 | 15.3
Armour         | 4 5 6 8 9 10 11 12 14 15 | 15.1
Shields        | 4 5 6 7 8 9 10 11 12 14 15 | 15.1
Throwing       | 1 2 4 5 7 8 9 10 | 10.0
Evocations     | 1 |  1.0

Action                     |  1- 3 |  4- 6 |  7- 9 | 10-12 | 13-15 || total
---------------------------+-------+-------+-------+-------+-------++-------
  Melee: War axe           |    61 |    70 |   259 |    76 |       ||   466
         Headbutt          |     3 |    10 |    65 |    89 |    98 ||   265
         Broad axe         |       |       |       |   414 |   540 ||   954
  Throw: Javelin           |       |       |       |     3 |       ||     3
 Invoke: Receive Weapon    |       |       |       |       |     1 ||     1
         Receive Armour    |       |       |       |       |     1 ||     1
    Use: Scroll            |       |       |    11 |    21 |     8 ||    40
         Potion            |       |       |     1 |     9 |     3 ||    13
 Armour: Scale mail        |    48 |    42 |    88 |       |       ||   178
         Chain mail        |       |       |    56 |   140 |    99 ||   295
         Plate armour      |       |       |       |   266 |   286 ||   552
  Dodge: Dodged            |    30 |    58 |    74 |   103 |    97 ||   362
  Block: Buckler           |    11 |    18 |       |       |       ||    29
         Tower shield      |       |    22 |   237 |   523 |   507 ||  1289

Levels and vault maps discovered:
D:1:      lightli_arrival_boilingwater, layout_loops_ring, serial_shops, shop
D:2:      layout_rooms, basic_ecumenical_altar, minmay_splitting_lines
D:3:      layout_rooms, nicolae_overflow_ecumenical_swirl,
          mainiacjoe_sewer_entry_somewhere_in_here_1
D:4:      layout_layer_cave, grunt_gozag_breadcrumbs, cheibriados_altar_1,
          minmay_temple_entry_overgrown, uniq_duvessa, uniq_grinder
D:5:      layout_loops_corners, ashenzari_altar_1, serial_shops,
          nicolae_shop_tiny_real_fake_doors
D:6:      layout_basic
D:7:      nicolae_cairo_tiling_very_big, layout_gridville,
          regret_index_kikubaaqudgha_part_by_part, general_overflow_altar
D:8:      cheibrodos_wizards_tower, layout_rooms,
          lemuel_zombie_altar_yredelemnul, trog_butcher_becter, serial_glass,
          glass_columns_b, glass_columns_a, minmay_lizard_king, uniq_pikel
D:9:      layout_roguey, serial_corexii_hall, chequers_hall_statues_y,
          corexii_hall_statues_x, minmay_protected_statue
D:10:     layout_irregular_city, nicolae_qazlal_general_emergency,
          kennysheep_mini_moat, uniq_fannar, uniq_erica
D:11:     layout_gridville, minmay_lair_entry_grove, orc_0_dummy
Temple:   nicolae_temple_no_exploring_needed
Lair:1:   layout_gridlike, lemuel_fruit_fields
Lair:2:   layout_cave_shapes, nicolae_swamp_entry_splash_gauntlet,
          guppyfry_snake_entry_island, grunt_megastairs_4
Lair:3:   gammafunk_lair_enchanted_lake, layout_big_grid, portal_ice_cave_rime,
          grunt_megastairs_5, lemuel_fruit_tree, serial_bayou_shore_a
Lair:4:   layout_layer_cave, slime_entry_2, nicolae_lair_lindhole
Lair:5:   minmay_lair_end_enchanted_forest, layout_gridlike,
          gauntlet_entry_generic
Swamp:1:  layout_basic_swamp, nicolae_swamp_triple_paths,
          nicolae_swamp_spooky_pond, infiniplex_staircase_pool
Swamp:2:  gammafunk_sealed_arena, layout_basic_swamp, hangedman_swamp_ruin_wall
Snake:1:  layout_onion, serial_shops, shop, minmay_shop_star, uniq_asterion
Orc:1:    layout_diamond_mine, gammafunk_ghost_fury_of_okawaru,
          nicolae_orc_hostile_takeover
Orc:2:    kennysheep_orc_mage_school, layout_caves, ebering_ghost_xom

Notes
Turn   | Place    | Note
-------+----------+-------------------------------------------
     0 | D:1      | Sanktem7 the Minotaur Fighter began the quest for the Orb.
     0 | D:1      | Reached XP level 1. HP: 19/19 MP: 0/0
     0 | D:1      | magus.rc [v1.9.6]
    29 | D:1      | Found Cuxtur's Antique Weapon Boutique.
   133 | D:1      | Reached XP level 2. HP: 26/27 MP: 1/1
   260 | D:1      | You pick up a book of Spontaneous Combustion and begin
                  | reading...
   260 | D:1      | You add the spells Inner Flame, Irradiate and Ignition to
                  | your library.
   289 | D:1      | Reached skill level 3 in Axes
   596 | D:2      | Reached skill level 4 in Fighting
   604 | D:2      | Reached XP level 3. HP: 11/33 MP: 2/2
   607 | D:2      | Reached skill level 4 in Armour
   607 | D:2      | Reached skill level 4 in Shields
   700 | D:2      | Found a faded altar of an unknown god.
   996 | D:2      | Reached XP level 4. HP: 40/40 MP: 3/3
  1100 | D:2      | You pick up a book of Transmutation and begin reading...
  1100 | D:2      | You add the spells Sublimation of Blood and Petrify to your
                  | library.
  1246 | D:3      | Reached skill level 4 in Axes
  1369 | D:3      | Found a glowing drain.
  1376 | Sewer    | Entered a sewer
  1425 | Sewer    | Noticed a kobold brigand
  1432 | Sewer    | Killed a kobold brigand
  1433 | Sewer    | Reached XP level 5. HP: 45/47 MP: 4/4
  1447 | Sewer    | Noticed Pargi
  1452 | Sewer    | Killed Pargi
  1453 | Sewer    | Reached skill level 5 in Axes
  1453 | Sewer    | Reached XP level 6. HP: 46/55 MP: 5/5
  1525 | Sewer    | Reached skill level 5 in Fighting
  1525 | Sewer    | Reached skill level 5 in Armour
  1525 | Sewer    | Reached skill level 5 in Shields
  1684 | D:3      | You pick up a book of Spatial Translocations and begin
                  | reading...
  1684 | D:3      | You add the spells Blink, Momentum Strike and Lesser
                  | Beckoning to your library.
  1915 | D:3      | Found a faded altar of an unknown god.
  2000 | D:4      | Found a staircase to the Ecumenical Temple.
  2012 | Temple   | Entered the Ecumenical Temple
  2016 | Temple   | HP: 10/56 [ogre/+0 giant club (16)]
  2179 | Temple   | Became a worshipper of Warmaster Okawaru
  2192 | D:4      | Reached skill level 6 in Axes
  2192 | D:4      | Reached XP level 7. HP: 57/61 MP: 6/6
  2351 | D:4      | You pick up a book of Debilitation and begin reading...
  2351 | D:4      | You add the spells Slow, Vampiric Draining and Confusing
                  | Touch to your library.
  2417 | D:4      | Found an opulent altar of Gozag.
  2505 | D:4      | Noticed Duvessa
  2505 | D:4      | Noticed Dowan
  2527 | D:4      | HP: 14/62 [poisoned by Duvessa]
  2528 | D:4      | HP: 5/62 [Dowan/puff of frost (8)]
  2530 | D:4      | Killed Duvessa
  2736 | D:4      | Killed Dowan
  2737 | D:4      | Reached skill level 7 in Axes
  2752 | D:4      | Found a snail-covered altar of Cheibriados.
  2864 | D:5      | Entered Level 5 of the Dungeon
  3192 | D:4      | Noticed Grinder
  3201 | D:4      | Paralysed by Grinder for 3 turns
  3219 | D:4      | Killed Grinder
  3219 | D:4      | Reached * piety under Okawaru
  3220 | D:4      | Reached skill level 6 in Fighting
  3220 | D:4      | Reached skill level 1 in Throwing
  3220 | D:4      | Reached skill level 6 in Armour
  3220 | D:4      | Reached skill level 6 in Shields
  3220 | D:4      | Reached XP level 8. HP: 46/70 MP: 7/7
  4032 | D:5      | Found a broken altar of Ashenzari.
  4191 | D:5      | Reached skill level 8 in Axes
  4264 | D:5      | Found Lomox's Antique Weapon Boutique.
  4299 | D:5      | Reached skill level 2 in Throwing
  4490 | D:5      | Reached ** piety under Okawaru
  4491 | D:5      | Upgraded the game from 0.32-a0-699-g1ee5eff69a to
                  | 0.32-a0-711-g016ad743e0
  4491 | D:5      | magus.rc [v1.9.6]
  4491 | D:5      | Upgraded the game from 0.32-a0-711-g016ad743e0 to
                  | 0.32-a0-768-g0f6f1dd4b9
  4491 | D:5      | magus.rc [v1.9.6]
  4759 | D:5      | Identified the staff of Vaumot {rPois rF+ rC+ Str+2 Ice}
  4890 | D:5      | Reached skill level 7 in Fighting
  5080 | D:6      | You pick up a book of Misfortune and begin reading...
  5080 | D:6      | You add the spells Jinxbite, Yara's Violent Unravelling and
                  | Enfeeble to your library.
  5202 | D:6      | Reached skill level 7 in Shields
  5220 | D:6      | Reached XP level 9. HP: 78/79 MP: 8/8
  5221 | D:6      | Reached skill level 9 in Axes
  5250 | D:6      | Reached skill level 3 in Throwing
  5250 | D:6      | Reached skill level 7 in Armour
  6618 | D:7      | Found a shadowy altar of Dithmenos.
  6837 | D:7      | Found an ancient bone altar of Kikubaaqudgha.
  6887 | D:7      | Reached skill level 10 in Axes
  7165 | D:7      | Reached *** piety under Okawaru
  7166 | D:7      | Reached skill level 4 in Throwing
  7267 | D:7      | Identified the serpent talisman of Light {rF+ rC+ Will+
                  | Stlth+}
  7340 | D:8      | Noticed an arcanist
  7342 | D:8      | Reached skill level 8 in Fighting
  7343 | D:8      | Reached skill level 8 in Shields
  7346 | D:8      | Reached skill level 8 in Armour
  7359 | D:8      | HP: 10/81 [arcanist/bolt of cold (29)]
  7361 | D:8      | Killed an arcanist
  7361 | D:8      | Reached **** piety under Okawaru
  7362 | D:8      | Reached XP level 10. HP: 37/90 MP: 1/9
  7714 | D:8      | Reached skill level 11 in Axes
  7729 | D:8      | Found a bloodstained altar of Trog.
  7784 | D:8      | Reached skill level 5 in Throwing
  7981 | D:8      | Noticed Pikel
  7999 | D:8      | Killed Pikel
  8336 | D:8      | Found a basalt altar of Yredelemnul.
  8488 | D:9      | Noticed a two-headed ogre
  8497 | D:9      | Killed a two-headed ogre
  8498 | D:9      | Reached skill level 9 in Fighting
  8498 | D:9      | Reached skill level 9 in Shields
  8529 | D:9      | Noticed an obsidian statue
  8698 | D:9      | Reached skill level 12 in Axes
  8918 | D:9      | Reached skill level 9 in Armour
  9173 | D:9      | Noticed an orange demon
  9256 | D:9      | Gained mutation: You are frail. (-10% HP) [a neqoxec]
  9352 | D:9      | Lost mutation: You are frail. (-10% HP) [potion of
                  | mutation]
  9352 | D:9      | Gained mutation: You occasionally shout uncontrollably at
                  | your foes. [potion of mutation]
  9352 | D:9      | Gained mutation: Your magical capacity is low. (-10% MP)
                  | [potion of mutation]
  9352 | D:9      | Gained mutation: You expend magic power (3 MP) to
                  | strengthen your wands. [potion of mutation]
  9352 | D:9      | Gained mutation: Your muscles are strong. (Str +4, Int/Dex
                  | -1) [potion of mutation]
  9353 | D:9      | Lost mutation: Your muscles are strong. (Str +4, Int/Dex
                  | -1) [potion of mutation]
  9353 | D:9      | Lost mutation: Your magical capacity is low. (-10% MP)
                  | [potion of mutation]
  9353 | D:9      | Lost mutation: You expend magic power (3 MP) to strengthen
                  | your wands. [potion of mutation]
  9353 | D:9      | Gained mutation: You are partially covered in iridescent
                  | scales. (AC +2) [potion of mutation]
  9353 | D:9      | Gained mutation: Your spells are a little harder to cast,
                  | but a little more powerful. [potion of mutation]
  9406 | D:9      | Identified the ring "Asma" {rC+ rN+ Str-4 Dex+8 Slay+3}
  9410 | D:9      | Noticed a soul eater
  9436 | D:10     | Entered Level 10 of the Dungeon
  9539 | D:10     | Reached ***** piety under Okawaru
  9588 | D:10     | Noticed Erica
  9597 | D:10     | Reached XP level 11. HP: 97/97 MP: 8/10
  9609 | D:10     | Noticed Fannar
  9621 | D:10     | HP: 14/97 [Erica/bolt of poison (20)]
  9912 | D:10     | Killed Fannar
  9913 | D:10     | Reached skill level 6 in Throwing
 10088 | D:10     | Paralysed by a hornet for 2 turns
 10147 | D:10     | Found a glowing silver altar of Zin.
 10434 | D:10     | Killed Erica
 10664 | D:10     | Found a stormy altar of Qazlal.
 10889 | D:11     | Found a staircase to the Orcish Mines.
 10944 | Orc:1    | Entered Level 1 of the Orcish Mines
 10949 | Orc:1    | Noticed a two-headed ogre
 10956 | Orc:1    | Killed a two-headed ogre
 10957 | Orc:1    | Reached skill level 10 in Fighting
 10957 | Orc:1    | Reached skill level 13 in Axes
 10960 | Orc:1    | Received a gift from Okawaru
 10967 | Orc:1    | HP: 24/99 [poisoned by an orc warrior]
 10972 | Orc:1    | HP: 20/99 [poisoned by an orc warrior]
 11306 | Orc:1    | Noticed an orc sorcerer
 11313 | Orc:1    | Noticed an orc knight
 11316 | Orc:1    | HP: 13/93 [orc sorcerer/bolt of fire (16)]
 11317 | Orc:2    | Entered Level 2 of the Orcish Mines
 11323 | Orc:2    | HP: 19/93 [kobold blastminer/bolt (4)]
 11326 | Orc:2    | HP: 5/93 [ogre/+0 giant club (8)]
 11332 | Orc:1    | HP: 16/93 [warg (10)]
 11734 | Orc:1    | Reached skill level 10 in Shields
 12004 | Orc:2    | Reached skill level 10 in Armour
 12036 | Orc:2    | Found a staircase to the Elven Halls.
 12311 | Orc:1    | Reached skill level 7 in Throwing
 12388 | Orc:1    | Paralysed by an orc sorcerer for 2 turns
 12393 | Orc:1    | Killed an orc sorcerer
 12477 | Orc:1    | Killed an orc knight
 12688 | Orc:1    | Found a runed translucent gate.
 12688 | Orc:1    | Found a runed translucent gate.
 12688 | Orc:1    | Noticed an orc knight
 12689 | Orc:1    | Found a runed translucent gate.
 12689 | Orc:1    | Noticed a deep elf knight
 12689 | Orc:1    | Noticed Vaucseu's ghost (journeyman MiFi)
 12690 | Orc:1    | Noticed a naga warrior
 12692 | Orc:1    | Noticed an orc sorcerer
 12696 | Orc:1    | Killed an orc sorcerer
 12697 | Orc:1    | Reached skill level 14 in Axes
 12899 | Orc:1    | Found an iron altar of Okawaru.
 12954 | Orc:2    | Reached XP level 12. HP: 90/108 MP: 8/11
 13134 | Orc:2    | Received a gift from Okawaru
 13248 | Orc:2    | Found a runed translucent door.
 13346 | Orc:2    | Found Eliriy's Antique Weapon Emporium.
 13473 | Orc:2    | Found a radiant altar of Vehumet.
 13473 | Orc:2    | Noticed an ogre mage
 13473 | Orc:2    | Noticed an ogre mage
 13482 | Orc:2    | Killed an ogre mage
 13487 | Orc:2    | Killed an ogre mage
 13488 | Orc:2    | Reached skill level 11 in Fighting
 13666 | Orc:2    | Found Ytwyhone's Magic Scroll Shoppe.
 13668 | Orc:2    | Noticed Nergalle
 13679 | Orc:2    | Killed Nergalle
 13686 | Orc:2    | HP: 19/106 [orc sorcerer/bolt of negative energy (18)]
 13687 | Orc:2    | HP: 9/104 [orc sorcerer/bolt of negative energy (7)]
 13693 | Orc:2    | Found an ancient bone altar of Kikubaaqudgha.
 13698 | Orc:2    | Reached skill level 11 in Shields
 13716 | Orc:2    | Paralysed by an orc sorcerer for 2 turns
 13978 | Orc:2    | Bought a scroll of enchant armour for 75 gold pieces
 13978 | Orc:2    | Bought a scroll of enchant armour for 75 gold pieces
 14000 | Orc:2    | Found a roughly hewn altar of Beogh.
 14003 | Orc:2    | Found Xisouth's Magic Scroll Shoppe.
 14012 | Orc:2    | Found Zedadgh's Jewellery Emporium.
 14014 | Orc:2    | Bought a scroll of acquirement for 624 gold pieces
 14084 | Orc:2    | Found a shimmering altar of Xom.
 14084 | Orc:2    | Noticed hikkokomori's ghost (journeyman CoAr)
 14275 | Orc:2    | Acquired a manual of Axes
 14361 | D:11     | Received a gift from Okawaru
 14362 | D:11     | Reached skill level 15 in Axes
 14362 | D:11     | Reached skill level 8 in Throwing
 14362 | D:11     | Reached skill level 11 in Armour
 14736 | D:11     | Found a staircase to the Lair.
 14754 | D:11     | You pick up a book of Cantrips and begin reading...
 14754 | D:11     | You add the spells Sting, Necrotise and Apportation to your
                  | library.
 14836 | D:11     | Identified the +10 dagger "Xoomnup" {protect, rElec}
 14978 | D:11     | Noticed a boulder beetle
 14987 | D:11     | Killed a boulder beetle
 15093 | Lair:1   | Entered Level 1 of the Lair of Beasts
 15101 | Lair:1   | Reached ****** piety under Okawaru
 15700 | Lair:2   | Reached skill level 16 in Axes
 15745 | Lair:2   | Found a staircase to the Snake Pit.
 15771 | Lair:2   | Reached XP level 13. HP: 46/117 MP: 7/12
 15996 | Lair:2   | Received a gift from Okawaru
 16227 | Lair:2   | Reached skill level 17 in Axes
 16230 | Lair:2   | Reached skill level 12 in Fighting
 16722 | Lair:2   | Found a staircase to the Swamp.
 16957 | Lair:3   | Reached skill level 9 in Throwing
 16974 | Lair:3   | You pick up a book of the Senses and begin reading...
 16974 | Lair:3   | You add the spells Dazzling Flash, Mephitic Cloud, Curse of
                  | Agony and Silence to your library.
 17015 | Lair:3   | Reached skill level 12 in Shields
 17096 | Lair:3   | Received a gift from Okawaru
 17104 | Lair:3   | Reached skill level 12 in Armour
 17183 | Lair:3   | Found a frozen archway.
 17199 | IceCv    | Entered an ice cave
 17281 | IceCv    | Reached skill level 18 in Axes
 17567 | IceCv    | HP: 20/119 [ice statue/bolt of cold (32)]
 17572 | IceCv    | HP: 12/119 [ice statue/freezing blast (10)]
 17573 | IceCv    | HP: 4/119 [ice statue] (8)]
 18004 | IceCv    | Received a gift from Okawaru
 18029 | IceCv    | Noticed a reaper
 18039 | IceCv    | Killed a reaper
 18628 | Lair:3   | Identified the +7 trident "Spiderbane" {distort, rPois
                  | Will++ rCorr MP-9}
 18875 | Lair:3   | Noticed a dire elephant
 18875 | Lair:3   | Noticed a dire elephant
 18895 | Lair:3   | Found a runed translucent door.
 19490 | Lair:4   | Reached skill level 13 in Fighting
 19514 | Lair:4   | Received a gift from Okawaru
 19534 | Lair:4   | Reached XP level 14. HP: 129/129 MP: 0/13
 19718 | Lair:4   | You add the spells Vhi's Electric Charge, Arcjolt and
                  | Maxwell's Capacitive Coupling to your library.
 19802 | Lair:4   | Found a runed translucent door.
 19802 | Lair:4   | Found a viscous altar of Jiyva.
 19817 | Lair:4   | Found a staircase to the Slime Pits.
 19824 | Lair:4   | Reached skill level 10 in Throwing
 19830 | Lair:4   | Reached skill level 13 in Armour
 19830 | Lair:4   | Reached skill level 13 in Shields
 20527 | Lair:5   | Entered Level 5 of the Lair of Beasts
 20546 | Lair:5   | Received a gift from Okawaru
 20711 | Lair:5   | Reached skill level 14 in Fighting
 20776 | Lair:5   | Received a gift from Okawaru
 20828 | Lair:5   | Reached skill level 14 in Armour
 20835 | Lair:5   | Reached skill level 14 in Shields
 20914 | Lair:5   | Received a gift from Okawaru
 21431 | Lair:5   | Paralysed by a hornet for 2 turns
 21794 | Lair:5   | Lost mutation: You are partially covered in iridescent
                  | scales. (AC +2) [potion of mutation]
 21794 | Lair:5   | Lost mutation: You occasionally shout uncontrollably at
                  | your foes. [potion of mutation]
 21794 | Lair:5   | Gained mutation: You are frail. (-10% HP) [potion of
                  | mutation]
 21794 | Lair:5   | Lost mutation: You are frail. (-10% HP) [potion of
                  | mutation]
 21795 | Lair:5   | Acquired the +0 broad axe of the Slashing Gods {holy,
                  | Str+5}
 21795 | Lair:5   | Received a gift from Okawaru
 21796 | Lair:5   | Acquired the +8 chain mail of the Hills {+Inv rC+ Dex-4}
 21796 | Lair:5   | Received a gift from Okawaru
 21939 | Snake:1  | Entered Level 1 of the Snake Pit
 22001 | Swamp:1  | Entered Level 1 of the Swamp
 22221 | Swamp:1  | Noticed a fenstrider witch
 22228 | Swamp:1  | HP: 29/133 [??? (24)]
 22232 | Swamp:1  | Killed a fenstrider witch
 22235 | Swamp:1  | Reached skill level 15 in Fighting
 22569 | Swamp:1  | HP: 27/135 [acid (9)]
 22841 | Swamp:1  | Reached XP level 15. HP: 138/141 MP: 10/14
 22882 | Swamp:1  | Received a gift from Okawaru
 23158 | Swamp:1  | Reached skill level 15 in Armour
 23158 | Swamp:1  | Reached skill level 15 in Shields
 23286 | Swamp:1  | Identified the +0 robe of Macaroni {rN+ Str+2 Stlth+}
 23628 | Swamp:2  | Noticed a tentacled monstrosity
 23628 | Swamp:2  | Noticed a fenstrider witch
 23628 | Swamp:2  | Found a transporter.
 23630 | Swamp:2  | Noticed a tentacled monstrosity
 23632 | Swamp:2  | Noticed a tentacled monstrosity
 23633 | Swamp:2  | Found a transporter.
 23658 | Swamp:2  | Reached skill level 1 in Evocations
 23659 | Swamp:2  | HP: 34/141 [swamp dragon] (8)]
 23661 | Swamp:2  | HP: 13/141 [poisoned by a swamp dragon (poison gas)]
 23666 | Swamp:2  | HP: 8/141 [poisoned by a swamp dragon (poison gas)]
 23666 | Swamp:2  | Slain by a seven-headed hydra

Vanquished Creatures
  A fenstrider witch (Swamp:1)
  A reaper (IceCv)
  Fannar (D:10)
  4 hydras
  4 alligators (Swamp:1)
  2 ogre magi (Orc:2)
  A catoblepas (Lair:4)
  Erica (D:10)
  2 two-headed ogres
  A boulder beetle (D:11)
  Nergalle (Orc:2)
  2 goliath frogs (Swamp:1)
  An arcanist (D:8)
  3 swamp dragons
  2 spriggan druids (Swamp:1)
  Pikel (D:8)
  2 bog bodies
  4 lindwurms
  An orc knight (Orc:1)
  9 orc sorcerers
  4 will-o-the-wisps (Swamp:1)
  19 elephants
  A slime creature (Lair:4)
  2 kobold blastminers (Orc:2)
  3 black mambas
  A torpor snail (Lair:5)
  2 ice statues (IceCv)
  3 rime drakes
  13 cane toads
  3 kobold demonologists
  2 anaconda simulacra (IceCv)
  5 komodo dragons
  7 ice devils (IceCv)
  3 trolls
  3 polar bears
  5 hornets
  Grinder (D:4)
  14 dream sheep
  16 blink frogs
  3 wyverns
  A wraith (D:11)
  13 spriggans
  A steam dragon (D:10)
  45 yaks
  6 basilisks
  A warg (Orc:1)
  4 vampire mosquitoes (Swamp:1)
  2 death yak simulacra (IceCv)
  6 swamp worms
  A naga (Lair:2)
  14 water moccasins
  3 hydra simulacra (IceCv)
  Duvessa (D:4)
  3 ice beasts
  Pargi (Sewer)
  9 black bears
  2 sky beasts
  17 orc warriors
  A swamp drake (Swamp:1)
  13 ogres
  5 boggarts (Lair:5)
  3 centaurs
  27 wolves
  A lemure (D:8)
  8 kobold brigands
  11 bullfrogs
  7 scorpions
  2 gnoll sergeants (D:7)
  3 jellies
  4 two-headed ogre simulacra (IceCv)
  6 wights
  A burial acolyte (D:7)
  Dowan (D:4)
  4 killer bees (D:8)
  2 electric eels
  6 howler monkeys
  2 bombardier beetles (D:6)
  A centaur zombie (D:8)
  18 orc priests
  4 sleepcaps
  3 hounds
  6 iguanas
  37 orc wizards
  A troll simulacrum (IceCv)
  A spriggan simulacrum (IceCv)
  2 wolf simulacra (IceCv)
  A hound zombie (D:7)
  A howler monkey zombie (D:8)
  9 gnolls (D:7)
  12 adders
  3 naga simulacra (IceCv)
  2 shadow imps (D:7)
  4 white imps
  2 ufetubi (IceCv)
  2 adder zombies (D:7)
  4 dart slugs
  68 orcs
  9 ball pythons
  4 endoplasms
  5 giant cockroaches
  9 goblins
  4 hobgoblins
  4 jackals
  20 kobolds
  7 quokkas
  4 bats
  6 frilled lizards
  2 gnoll zombies (D:7)
  2 kobold zombies (D:7)
  7 rats
655 creatures vanquished.

Vanquished Creatures (others)
  2 orc wizards (Orc:2)
  25 foxfires
27 creatures vanquished.

Grand Total: 682 creatures vanquished

Table legend:
 A = Non-vault XP
 B = Vault XP
 C = Vault XP percentage of total XP
 D = Non-vault monster count
 E = Vault monster count
 F = Vault count percentage of total count
                 A         B        C        D         E       F
            +---------+---------+-------+---------+---------+-------
      Total |   68578 |   40094 |  36.9 |     459 |     195 |  29.8
            +---------+---------+-------+---------+---------+-------
        D:1 |      22 |       0 |   0.0 |      14 |       0 |   0.0
        D:2 |     100 |       0 |   0.0 |      22 |       0 |   0.0
        D:3 |      27 |      31 |  53.4 |      12 |       5 |  29.4
        D:4 |     383 |     495 |  56.4 |      23 |       3 |  11.5
        D:5 |    1060 |       0 |   0.0 |      19 |       0 |   0.0
        D:6 |     927 |       0 |   0.0 |      23 |       0 |   0.0
        D:7 |    1089 |     129 |  10.6 |      20 |      10 |  33.3
        D:8 |    1555 |    2157 |  58.1 |      21 |      14 |  40.0
        D:9 |    2060 |       0 |   0.0 |      21 |       0 |   0.0
       D:10 |    2221 |    1730 |  43.8 |      28 |       2 |   6.7
       D:11 |    1564 |    1411 |  47.4 |      10 |      10 |  50.0
     Temple |     127 |       0 |   0.0 |       2 |       0 |   0.0
     Lair:1 |    2417 |       0 |   0.0 |      13 |       0 |   0.0
     Lair:2 |    9400 |    2255 |  19.3 |      38 |       9 |  19.1
     Lair:3 |    2729 |    3466 |  55.9 |      11 |      11 |  50.0
     Lair:4 |    6749 |    1680 |  19.9 |      16 |       3 |  15.8
     Lair:5 |   17782 |    8571 |  32.5 |      61 |      46 |  43.0
    Swamp:1 |    9866 |    4124 |  29.5 |      22 |       6 |  21.4
    Swamp:2 |     687 |       0 |   0.0 |       1 |       0 |   0.0
      Orc:1 |    5677 |       0 |   0.0 |      53 |       0 |   0.0
      Orc:2 |    2136 |    7244 |  77.2 |      29 |      36 |  55.4
      Sewer |       0 |     352 | 100.0 |       0 |       7 | 100.0
      IceCv |       0 |    6449 | 100.0 |       0 |      33 | 100.0
            +---------+---------+-------+---------+---------+-------

Skill      XL: |  1  2  3  4  5  6  7  8  9 10 11 12 13 14 15 |
---------------+----------------------------------------------+-----
Axes           | 3 4 5 6 7 8 10 12 14 16 18 | 18.0
Fighting       | 4 5 6 7 8 9 10 11 13 15 | 15.3
Armour         | 4 5 6 8 9 10 11 12 14 15 | 15.1
Shields        | 4 5 6 7 8 9 10 11 12 14 15 | 15.1
Throwing       | 1 2 4 5 7 8 9 10 | 10.0
Evocations     | 1 |  1.0

Action                     |  1- 3 |  4- 6 |  7- 9 | 10-12 | 13-15 || total
---------------------------+-------+-------+-------+-------+-------++-------
  Melee: War axe           |    61 |    70 |   259 |    76 |       ||   466
         Headbutt          |     3 |    10 |    65 |    89 |    98 ||   265
         Broad axe         |       |       |       |   414 |   540 ||   954
  Throw: Javelin           |       |       |       |     3 |       ||     3
 Invoke: Receive Weapon    |       |       |       |       |     1 ||     1
         Receive Armour    |       |       |       |       |     1 ||     1
    Use: Scroll            |       |       |    11 |    21 |     8 ||    40
         Potion            |       |       |     1 |     9 |     3 ||    13
 Armour: Scale mail        |    48 |    42 |    88 |       |       ||   178
         Chain mail        |       |       |    56 |   140 |    99 ||   295
         Plate armour      |       |       |       |   266 |   286 ||   552
  Dodge: Dodged            |    30 |    58 |    74 |   103 |    97 ||   362
  Block: Buckler           |    11 |    18 |       |       |       ||    29
         Tower shield      |       |    22 |   237 |   523 |   507 ||  1289

Illustrated notes

Table legend:
 A = Kills in this place as a percentage of kills in the entire game.
 B = Kills by you in this place as a percentage of kills by you in the entire game.
 C = Kills by friends in this place as a percentage of kills by friends in the entire game.
 D = Other kills in this place as a percentage of other kills in the entire game.
 E = Experience gained in this place as a percentage of experience gained in the entire game.
 F = Experience gained in this place divided by the number of levels of this place that you have seen.
                   A       B       C       D       E      F
               +-------+-------+-------+-------+-------+----------------------
         Total | 100.0 | 100.0 |   N/A |   N/A | 100.0 | 4528.0
       Dungeon |  39.3 |  39.3 |   N/A |   N/A |  15.6 | 1541.9
        Temple |   0.3 |   0.3 |   N/A |   N/A |   0.1 | 127.0
          Lair |  31.8 |  31.8 |   N/A |   N/A |  50.7 | 11009.8
         Swamp |   4.4 |   4.4 |   N/A |   N/A |  13.5 | 7338.5
  Orcish Mines |  18.0 |  18.0 |   N/A |   N/A |  13.9 | 7528.5
         Sewer |   1.1 |   1.1 |   N/A |   N/A |   0.3 | 352.0
      Ice Cave |   5.0 |   5.0 |   N/A |   N/A |   5.9 | 6449.0
               +-------+-------+-------+-------+-------+----------------------

Table legend: (Time is in decaauts)
 A = Elapsed time spent in this place.
 B = Non-inter-level travel time spent in this place.
 C = Inter-level travel time spent in this place.
 D = Time resting spent in this place.
 E = Time spent auto-exploring this place.
 F = Levels seen in this place.
 G = Mean time per level.
                   A        B        C        D        E       F      G
               +--------+--------+--------+--------+--------+-----+--------+
         Total |  23915 |  22838 |   1077 |   4243 |  13072 |  24 |  996.5 |
       Dungeon |  11493 |  10880 |    613 |   1245 |   7265 |  11 | 1044.8 |
        Temple |    180 |    180 |      0 |      0 |    154 |   1 |  180.0 |
          Lair |   5702 |   5356 |    346 |     49 |   3950 |   5 | 1140.4 |
         Swamp |   1690 |   1660 |     30 |    821 |    456 |   2 |  845.0 |
     Snake Pit |      1 |      1 |      0 |      0 |      0 |   1 |    1.0 |
  Orcish Mines |   3420 |   3332 |     88 |   1587 |    660 |   2 | 1710.0 |
         Sewer |    221 |    221 |      0 |      0 |    159 |   1 |  221.0 |
      Ice Cave |   1204 |   1204 |      0 |    541 |    426 |   1 | 1204.0 |
               +--------+--------+--------+--------+--------+-----+--------+

Top non-repeatable levels by time:
   Orc:1: 1848 daAuts
 Swamp:1: 1653 daAuts
     D:4: 1645 daAuts
   Orc:2: 1572 daAuts
  Lair:2: 1333 daAuts
    D:10: 1303 daAuts
  Lair:5: 1298 daAuts
  Lair:4: 1297 daAuts
     D:5: 1281 daAuts
   IceCv: 1204 daAuts
  Lair:3: 1181 daAuts
     D:9: 1138 daAuts
     D:6: 1135 daAuts
     D:7: 1110 daAuts
     D:8: 937 daAuts
